Map: Waterfall

Players

A.I. 1 (Very Easy) - Winner!

  • Race: Terran Terran
  • Spawn Location: 7:00

Kryptic

  • Race: Protoss Protoss
  • Spawn Location: 1:00

VOD

Have the link to the VOD?

Description

Time

  • Played on: Nov. 26, 2022, 6:52 p.m.
  • Length: 2:09
Show
View Real Time Build Order
Export as new Build Order

A.I. 1 (Very Easy) Terran - Winner!

Build Orders:  

Get SALT Encoding   

  12  0:00  SCV  
  13  0:13  SCV  
  14  0:18  Supply Depot  
  14  0:37  Refinery  
  14  0:40  Barracks  
  14  1:03  Supply Depot  
  14  1:13  Refinery  
  14  1:27  Orbital Command, Marine  
  15  1:53  SCV  
Show
View Real Time Build Order
Export as new Build Order

Kryptic Protoss 

Build Orders:  

Get SALT Encoding   

  12  0:00  Probe  
  13  0:12  Probe  
  14  0:22  Pylon  
  14  0:24  Probe  
  15  0:40  Probe  
  15  0:41  Gateway  
  16  0:50  Assimilator  
  16  0:52  Probe (Chrono Boost)  
  18  1:05  Probe (Chrono Boost)  
  18  1:11  Gateway  
  18  1:12  Probe (Chrono Boost)  
  19  1:19  Probe  
  20  1:28  Cybernetics Core  
  20  1:31  Probe  
  20  1:32  Pylon  
  21  1:38  Assimilator  
  21  1:43  Probe  
  22  1:55  Probe  
Tags
 
Matchup
PvT
Spawn Locations
Cross Positions
Add a new tag
Caveats
  • Supply blocks, unpowered buildings, or Contaminate may cause inaccurate times.
  • Supply counts are checked every 10 seconds.